 Dungeon Crawl Stone Soup version 0.26-a0-661-g406de6ba63 (webtiles) character file.

Game seed: 1826471215770967099

1672 grandjackal the Skirmisher (level 8, 0/64 HPs)
             Began as a Demonspawn Gladiator on Oct 8, 2020.
             Was a Follower of Kikubaaqudgha.
             Slain by a hellwing (4 damage)
             ... on level 7 of the Dungeon.
             The game lasted 00:10:00 (7146 turns).

grandjackal the Skirmisher (Demonspawn Gladiator)   Turns: 7146, Time: 00:10:01

Health: 0/64       AC: 10    Str: 16    XL:     8   Next: 70%
Magic:  8/8        EV: 14    Int: 10    God:    Kikubaaqudgha [*.....]
Gold:   281        SH:  0    Dex: 15    Spells: 0/7 levels left

rFire    . . .     SeeInvis .   a - +0 long sword
rCold    . . .     Faith    .   (no shield)
rNeg     + . .     Spirit   .   k - +0 ring mail
rPois    .         Reflect  .   (helmet restricted)
rElec    .         Harm     .   (no cloak)
rCorr    +         Rampage  .   p - +0 pair of gloves {archery}
MR       +....                  (no boots)
Stlth    +.........             (no amulet)
HPRegen  0.20/turn              c - ring of positive energy
MPRegen  0.11/turn              h - ring of protection from magic

@: mighty
A: antennae 2, yellow scales 3, rot immunity
a: Receive Corpses, Renounce Religion


You were on level 7 of the Dungeon.
You worshipped Kikubaaqudgha.
Kikubaaqudgha was aware of your devotion.
You visited 2 branches of the dungeon, and saw 8 of its levels.

You collected 281 gold pieces.

Inventory:

Hand Weapons
 a - a +0 long sword (weapon)
 t - a +2 dagger of speed
Missiles
 d - 4 throwing nets
 r - 8 curare-tipped darts (quivered)
Armour
 k - a +0 ring mail (worn)
 p - a +0 pair of gloves of archery (worn)
Jewellery
 c - a ring of positive energy (left hand)
 h - a ring of protection from magic (right hand)
 m - an uncursed ring of fire {unknown}
 x - a +6 ring of dexterity {unknown}
 B - a +6 ring of dexterity {unknown}
Wands
 y - a wand of digging (3)
Scrolls
 b - 5 scrolls of teleportation {unknown}
 e - 5 scrolls of remove curse
 f - a scroll of magic mapping {unknown}
 g - 2 scrolls of fog {unknown}
 i - 3 scrolls of identify
 j - 2 scrolls of amnesia {unknown}
 o - 2 scrolls of fear {unknown}
 q - a scroll of random uselessness {unknown}
 s - 2 scrolls of blinking {unknown}
 u - 2 scrolls of immolation {unknown}
 A - a scroll of enchant weapon {unknown}
Potions
 l - 4 potions of curing
 n - 3 potions of ambrosia
 w - a potion of lignification
 z - a potion of brilliance


   Skills:
 + Level 6.0 Fighting
 + Level 5.9 Long Blades
 - Level 1.7 Throwing
 + Level 5.9 Dodging
 + Level 1.9 Summonings
 + Level 4.4 Necromancy


You couldn't memorise any spells.
You knew the following spells:

 Your Spells              Type           Power        Failure   Level
a - Vampiric Draining     Necr           #.........   34%         3
b - Summon Ice Beast      Ice/Summ       #.......     99%         4

Your spell library contained the following spells:

 Spells                   Type           Power        Failure   Level
 Animate Skeleton         Necr           #.....       12%         1
 Pain                     Necr           #...         12%         1
 Sublimation of Blood     Necr           #.........   19%         2
 Summon Small Mammal      Summ           #...         34%         1
 Call Imp                 Summ           #.......     45%         2
 Call Canine Familiar     Summ           #.......     71%         3
 Summon Guardian Golem    Hex/Summ       #.......     83%         3
 Confusing Touch          Hex            #.......     91%         3
 Gell's Gravitas          Tloc           #.........   91%         3
 Summon Lightning Spire   Summ/Air       #.......     99%         4
 Petrify                  Tmut/Erth      #.......     100%        4
 Metabolic Englaciation   Hex/Ice        #.........   100%        5
 Yara's Violent Unravell  Hex/Tmut       #.........   100%        5


Dungeon Overview and Level Annotations

Branches:
Dungeon (7/15)             Temple (1/1) D:4

Altars:
Ashenzari
Dithmenos
Fedhas
Gozag
Hepliaklqana
Kikubaaqudgha
Okawaru
Qazlal
Ru
Sif Muna
Trog
Uskayaw
Yredelemnul
Zin


Innate Abilities, Weirdness & Mutations

You have a pair of antennae on your head.
You are completely covered in yellow scales. (AC +4, rCorr)
You are immune to rotting.


Message History

The hellwing barely misses you. The centaur warrior zombie misses you.
You riposte.
You slash the centaur warrior zombie!
The centaur warrior zombie is severely damaged.
Unknown command.
You closely miss the hellwing.
The hellwing is moderately wounded.
The centaur warrior skeleton hits you.
* * * LOW HITPOINT WARNING * * *
The centaur warrior zombie hits you.
* * * LOW HITPOINT WARNING * * *
The centaur warrior skeleton hits you but does no damage.
The hellwing misses you.
The hellwing hits you but does no damage.
You hit the hellwing but do no damage.
The hellwing is moderately wounded.
The centaur warrior zombie hits you but does no damage.
The centaur warrior skeleton hits you but does no damage.
The hellwing hits you.
You die...
Kikubaaqudgha rasps: "You have failed me!
Welcome... death!"

...?$P. .P....8 #
...4.5. .# ....{{.
####.## .......
.....> ..8..8.
##....#
.......##.....###
.....=.ZZZ.......
.......{#@4...##
........#.....#
.....[..#.....#
########
.########.....#
#......#
#.........#
#.####.#
#.........# #.#
#.### #.........#
#.# #....
#####.....###.##
#.##.
#.....+....###.###


You could see a hellwing, 2 centaur warrior zombies and a centaur warrior
skeleton.

Vanquished Creatures
  Grinder (D:4)
  Edmund (D:5)
  A water moccasin (D:5)
  A sky beast (D:5)
  An orc warrior (D:5)
  A necrophage (D:5)
  A black bear (D:6)
  2 bullfrogs
  2 scorpions (D:5)
  A howler monkey (D:5)
  3 hounds
  3 orc priests
  2 bullfrog skeletons
  4 orc wizards (D:6)
  A worker ant (D:5)
  A hound skeleton (D:4)
  A hound zombie (D:4)
  A howler monkey skeleton (D:5)
  8 adders
  A shadow imp (D:7)
  A white imp (D:6)
  An ufetubus (D:2)
  An ooze (D:4)
  2 worms (D:3)
  2 dart slugs
  4 leopard geckos
  26 orcs
  2 giant cockroaches
  8 goblins
  3 hobgoblins
  10 kobolds
  2 quokkas
  A ball python (D:3)
  6 bats
  4 frilled lizards
  A quokka skeleton (D:6)
  9 rats
  A spectral orc (D:2)
121 creatures vanquished.

Vanquished Creatures (others)
  3 withered plants (D:7)
3 creatures vanquished.

Grand Total: 124 creatures vanquished

Notes
Turn   | Place    | Note
-------+----------+-------------------------------------------
     0 | D:1      | grandjackal the Demonspawn Gladiator began the quest for
                  | the Orb.
     0 | D:1      | Reached XP level 1. HP: 16/16 MP: 1/1
   290 | D:1      | Gained mutation: You are partially covered in yellow
                  | scales. (AC +2) [demonic ancestry]
   290 | D:1      | Reached XP level 2. HP: 14/22 MP: 2/2
   865 | D:2      | Gained mutation: You are mostly covered in yellow scales.
                  | (AC +3) [demonic ancestry]
   865 | D:2      | Reached XP level 3. HP: 27/28 MP: 3/3
  1085 | D:2      | Found a basalt altar of Yredelemnul.
  1285 | D:2      | Reached skill level 3 in Fighting
  1668 | D:3      | Reached XP level 4. HP: 35/35 MP: 4/4
  2254 | D:3      | Found a hide-covered altar of Uskayaw.
  2503 | D:3      | Found a faded altar of an unknown god.
  2708 | D:3      | Found a blossoming altar of Fedhas.
  2838 | D:4      | Noticed Grinder
  2885 | D:4      | Found a transporter.
  2910 | D:4      | Found a transporter.
  3135 | D:4      | Found a staircase to the Ecumenical Temple.
  3163 | D:4      | Gained mutation: You are immune to rotting. [demonic
                  | ancestry]
  3163 | D:4      | Reached XP level 5. HP: 36/41 MP: 5/5
  3169 | D:4      | Paralysed by Grinder for 7 turns
  3213 | D:4      | Paralysed by Grinder for 2 turns
  3216 | D:4      | Killed Grinder
  3216 | D:4      | Reached skill level 4 in Fighting
  3216 | D:4      | Gained mutation: You have a pair of small antennae on your
                  | head. [demonic ancestry]
  3216 | D:4      | Reached XP level 6. HP: 22/48 MP: 6/6
  3310 | Temple   | Entered the Ecumenical Temple
  3490 | Temple   | Became a worshipper of Kikubaaqudgha
  3520 | D:4      | Noticed a shadow
  3530 | D:4      | Found a shadowy altar of Dithmenos.
  3533 | D:4      | Found a hazy altar of Hepliaklqana.
  3681 | D:4      | Found an opulent altar of Gozag.
  4013 | D:4      | Reached skill level 1 in Necromancy
  4170 | D:5      | Entered Level 5 of the Dungeon
  4190 | D:5      | Noticed a water moccasin
  4193 | D:5      | Got a crude robe
  4205 | D:5      | Killed a water moccasin
  4205 | D:5      | Gained mutation: You have a pair of antennae on your head.
                  | [demonic ancestry]
  4205 | D:5      | Reached XP level 7. HP: 29/55 MP: 7/7
  4726 | D:5      | Reached skill level 5 in Fighting
  4726 | D:5      | Reached skill level 5 in Long Blades
  4726 | D:5      | Reached skill level 5 in Dodging
  5314 | D:5      | Reached * piety under Kikubaaqudgha
  5314 | D:5      | Identified Kikubaaqudgha's Papyrus of Necromancy
                  | (Kikubaaqudgha gifted it to you on level 5 of the Dungeon)
  5314 | D:5      | Received a gift from Kikubaaqudgha
  5438 | D:5      | Learned a level 3 spell: Vampiric Draining
  5445 | D:5      | Noticed a fire elemental
  5447 | D:5      | Found a stormy altar of Qazlal.
  5448 | D:5      | Noticed a water elemental
  5448 | D:5      | Noticed an air elemental
  5540 | D:5      | Noticed Edmund
  5551 | D:5      | Killed Edmund
  5551 | D:5      | Gained mutation: You are completely covered in yellow
                  | scales. (AC +4, rCorr) [demonic ancestry]
  5551 | D:5      | Reached XP level 8. HP: 54/62 MP: 6/8
  5837 | D:5      | Identified the cursed +0 robe of Terror {Dex+3} (You found
                  | it on level 5 of the Dungeon)
  6056 | D:6      | Found a broken altar of Ashenzari.
  6070 | D:6      | Learned a level 4 spell: Summon Ice Beast
  6487 | D:5      | Reached skill level 1 in Summonings
  6544 | D:6      | Found a shimmering blue altar of Sif Muna.
  7053 | D:7      | Reached skill level 6 in Fighting
  7114 | D:7      | Noticed a hellwing
  7145 | D:7      | HP: 3/64 [centaur warrior zombie (1)]
  7146 | D:7      | Slain by a hellwing

Illustrated notes

Levels and vault maps discovered:
D:1:      tarquinn_simple_flora_water_f, layout_rooms
D:2:      layout_rooms, yredelemnul_forgotten_temple_becter
D:3:      layout_loops_ring, nicolae_overflow_hidden_temple,
          chequers_ecumenical_altar_simple, corexii_leaking_fountain,
          fedhas_altar_4
D:4:      gammafunk_wand_slinger, layout_basic,
          riverfiend_overflow_shadow_ancestor, minmay_temple_entry_large_hall,
          grunt_gozag_statues, uniq_grinder
D:5:      layout_loops_ring, nicolae_qazlal_style_of_elements, uniq_edmund
D:6:      layout_basic, led_sif_pool, lemuel_crystal_altar
D:7:      cheibrodos_grave_circle, layout_basic, vehumet_crystals, serial_shops,
          nicolae_shop_stone, minmay_crystal_room
Temple:   minmay_temple_curvy_loop

Skill      XL: |  1  2  3  4  5  6  7  8 |
---------------+-------------------------+-----
Long Blades    | 3 4 5 |  5.9
Dodging        | 3 4 5 |  5.9
Fighting       | 3 4 5 6 |  6.0
Necromancy     | 1 3 4 |  4.4
Summonings     | 1 |  1.9
Throwing       | |  1.7

Action                   |  1- 3 |  4- 6 |  7- 9 || total
-------------------------+-------+-------+-------++-------
Melee: Long sword        |   121 |   191 |   226 ||   538
Throw: Dart              |       |       |     1 ||     1
Evoke: Wand              |       |     2 |     5 ||     7
  Use: Potion            |     1 |     2 |     3 ||     6
       Scroll            |       |       |     5 ||     5
Armor: Leather armour    |    14 |       |       ||    14
       Ring mail         |    55 |    61 |    99 ||   215
Dodge: Dodged            |    92 |   145 |   168 ||   405
       Rpst.: Long sword |    26 |    46 |    51 ||   123

Table legend: (Time is in decaauts)
 A = Elapsed time spent in this place.
 B = Non-inter-level travel time spent in this place.
 C = Inter-level travel time spent in this place.
 D = Time resting spent in this place.
 E = Time spent auto-exploring this place.
 F = Levels seen in this place.
 G = Mean time per level.
                   A        B        C        D        E       F      G
               +--------+--------+--------+--------+--------+-----+--------+
         Total |   7252 |   6925 |    327 |   2388 |   3178 |   8 |  906.5 |
       Dungeon |   7054 |   6744 |    310 |   2388 |   3061 |   7 | 1007.7 |
        Temple |    197 |    180 |     17 |      0 |    117 |   1 |  197.0 |
               +--------+--------+--------+--------+--------+-----+--------+

Top non-repeatable levels by time:
     D:5: 2009 daAuts
     D:2: 1240 daAuts
     D:4: 1091 daAuts
     D:3: 1034 daAuts
     D:6: 854 daAuts
     D:1: 676 daAuts
  Temple: 197 daAuts
     D:7: 146 daAuts
